 Dungeon Crawl Stone Soup version 0.31-a0-321-g19405a7a6a (webtiles) character file.

Game seed: 14998777988233298953

438 LeprechaunX the Changeling (level 7, -1/46 HPs)
             Began as an Octopode Shapeshifter on July 17, 2023.
             Slain by a ball python (2 damage)
             ... on level 4 of the Dungeon.
             The game lasted 00:03:58 (2585 turns).

LeprechaunX the Changeling (Octopode Shapeshifter)  Turns: 2585, Time: 00:03:59

Health: -1/46      AC:  1    Str: 17    XL:     7   Next: 1%
Magic:  7/7        EV: 13    Int: 10    God:
Gold:   114        SH:  0    Dex: 12    Spells: 6/6 levels left

rFire   . .          .
                       - Unarmed
rCold   . . .        (no shield)
rNeg    . . .        (helmet currently unavailable)
rPois   .            (no amulet)
rElec   .            (no ring)
rCorr   .            (no ring)
SInv    .            (no ring)
Will    .....        (no ring)
Stlth   ++           (no ring)
HPRegen 0.27/turn    (no ring)
MPRegen 0.10/turn    (no ring)
                     (no ring)

%: no passive effects
@: beast-form
A: beast (slay +3), almost no armour, amphibious, 8 rings, camouflage 1,
gelatinous body 1, (nimble swimmer 1), tentacles
a: Begin Untransformation


You were on level 4 of the Dungeon.
You were a hulking beast.
You visited 1 branch of the dungeon, and saw 4 of its levels.

You collected 114 gold pieces.

Inventory:

Hand Weapons
 a - a +2 sling of flaming
Missiles
 n - 2 throwing nets
Jewellery
 k - an amulet of faith
Talismans
 b - a beast talisman
Scrolls
 e - 3 scrolls of revelation {unknown}
 f - 2 scrolls of teleportation {unknown}
 j - a scroll of enchant armour {unknown}
 l - a scroll of fear {unknown}
 o - a scroll of acquirement {unknown}
 p - a scroll of enchant weapon {unknown}
 r - a scroll of poison {unknown}
 t - a scroll of identify {unknown}
 u - a scroll of fog {unknown}
Potions
 c - 2 potions of might {unknown}
 d - 2 potions of brilliance {unknown}
 g - a potion of haste {unknown}
 h - a potion of curing {unknown}
 i - a potion of cancellation {unknown}
 m - 2 potions of enlightenment {unknown}
 q - a potion of heal wounds {unknown}
 s - a potion of lignification


   Skills:
 + Level 3.3 Fighting
 + Level 0.4 Ranged Weapons
 + Level 3.3 Dodging
 * Level 4.4 Unarmed Combat
 * Level 4.5 Shapeshifting


You had 6 spell levels left.
You didn't know any spells.
Your spell library contained the following spells:

 Spells                   Type           Power      Damage    Failure   Level
 Sandblast                Erth           0%         2d4       36%         1
 Passwall                 Tmut/Erth      0%         N/A       50%         2
 Stone Arrow              Conj/Erth      0%         3d7       75%         3


Dungeon Overview and Level Annotations

Branches:
Dungeon (4/15)
 Temple: D:4-7

Altars:

Annotations:
D:4 Duvessa


Innate Abilities, Weirdness & Mutations

You are a hulking beast.
Your limbs bulge with bestial killing power. (Slay +3)
You cannot wear most types of armour.
You are amphibious.
You can wear up to eight rings at the same time.
Your skin changes colour to match your surroundings (Stealth+).
Your rubbery body absorbs attacks. (AC +1, EV +1)
((You are camouflaged when in or above water. (Stealth+)))
You have tentacles for arms and can constrict up to eight enemies at once.


Message History

You shoot a sling bullet. The sling bullet hits Duvessa.
The sling bullet burns Duvessa.
Duvessa is lightly wounded.
You hear an angry hiss.
You shoot a sling bullet.
The sling bullet closely misses Duvessa.
Dowan casts a spell at you. The puff of flame misses you.
You shoot a sling bullet. The sling bullet barely misses Dowan.
A ball python comes into view.
You shoot a sling bullet.
The sling bullet closely misses the ball python.
The ball python hisses angrily.
You shoot a sling bullet. The sling bullet hits Duvessa.
The sling bullet burns Duvessa.
Duvessa is moderately wounded.
A worm comes into view.
You shoot a sling bullet.
The sling bullet hits Duvessa but does no damage.
Duvessa is moderately wounded.
Dowan gestures wildly while chanting.
Dowan blinks!
Your +2 sling of flaming stops flaming.
You are now empty-tentacled.
You barely miss Dowan. You grab Dowan. You squeeze Dowan!
You kill Dowan!
Duvessa weeps, and shakes her weapon.
Duvessa goes berserk!
Duvessa hits you with a +0 rapier!
You have reached level 7!
You barely miss Duvessa. Your grab misses Duvessa. You squeeze Duvessa!
Duvessa is moderately wounded.
Duvessa hits you with a +0 rapier!
You tentacle-slap Duvessa. You grab Duvessa.
You squeeze Duvessa, but do no damage.
Duvessa is heavily wounded.
You constrict Duvessa. Duvessa hits you with a +0 rapier!!
* * * LOW HITPOINT WARNING * * *
You tentacle-slap Duvessa. You squeeze Duvessa, but do no damage.
Duvessa is heavily wounded.
You constrict Duvessa. The ball python bites you.
You die...

######...#
#.....#... ###.##
#.........
#....###.......##.
##(..............$
####.............
###............
##..............
##.........#.....
#....<..#he..#
##.....##.S......
##.....##.....#.
#....## ..#....
##.### ### w.. ###
.. .


You could see Duvessa (berserk), a worm and a ball python.

Vanquished Creatures
  Sigmund (D:2)
  Dowan (D:4)
  A hound (D:4)
  Natasha (thrice) (D:2)
  4 adders
  3 worms
  2 dart slugs (D:2)
  9 orcs (D:3)
  2 bats
  4 endoplasms
  2 giant cockroaches (D:1)
  7 hobgoblins
  2 jackals (D:3)
  A quokka (D:3)
  7 ball pythons
  2 frilled lizards
  5 goblins
  2 kobolds (D:4)
  6 rats
64 creatures vanquished.

Notes
Turn   | Place    | Note
-------+----------+-------------------------------------------
     0 | D:1      | LeprechaunX the Octopode Shapeshifter began the quest for
                  | the Orb.
     0 | D:1      | Reached XP level 1. HP: 14/14 MP: 1/1
   304 | D:1      | Reached XP level 2. HP: 19/19 MP: 2/2
   822 | D:2      | Reached XP level 3. HP: 22/24 MP: 3/3
  1000 | D:2      | Reached XP level 4. HP: 23/30 MP: 4/4
  1181 | D:2      | Noticed Sigmund
  2029 | D:2      | Noticed Natasha
  2035 | D:2      | Killed Natasha
  2036 | D:2      | Reached XP level 5. HP: 21/35 MP: 5/5
  2089 | D:2      | Killed Sigmund
  2090 | D:2      | Reached XP level 6. HP: 36/42 MP: 6/6
  2256 | D:2      | Noticed Natasha
  2260 | D:2      | Killed Natasha
  2387 | D:2      | Noticed Natasha
  2391 | D:2      | Killed Natasha
  2573 | D:4      | Noticed Dowan
  2575 | D:4      | Noticed Duvessa
  2582 | D:4      | Killed Dowan
  2583 | D:4      | Reached XP level 7. HP: 30/46 MP: 7/7
  2584 | D:4      | HP: 1/46 [Duvessa/+0 rapier (20)]
  2585 | D:4      | Slain by a ball python

Illustrated notes

Levels and vault maps discovered:
D:1:      shiori_shiawase, layout_loops_ring
D:2:      layout_basic, uniq_natasha, uniq_sigmund
D:3:      layout_basic
D:4:      layout_cave_pools, gammafunk_temple_overflow_elements,
          gammafunk_ghost_smash, nrook_mini_vaults, uniq_duvessa, uniq_robin

Skill      XL: |  1  2  3  4  5 |
---------------+----------------+-----
Unarmed Combat | 3 4 |  4.4
Fighting       | 3 |  3.3
Dodging        | 3 |  3.3
Shapeshifting  | 4 |  4.5
Ranged Weapons | |  0.4

Action                     |  1- 3 |  4- 6 |  7- 9 || total
---------------------------+-------+-------+-------++-------
  Melee: Unarmed           |    43 |    45 |     3 ||    91
         Constrict         |    14 |    15 |     1 ||    30
         Tentacles         |    12 |    14 |     3 ||    29
         Punch             |     1 |     1 |       ||     2
   Fire: Sling             |       |    36 |       ||    36
   Stab: Sleeping          |     8 |     4 |       ||    12
 Armour: Skin              |     1 |       |       ||     1
  Dodge: Dodged            |    23 |    17 |       ||    40

Table legend: (Time is in decaauts)
 A = Elapsed time spent in this place.
 B = Non-inter-level travel time spent in this place.
 C = Inter-level travel time spent in this place.
 D = Time resting spent in this place.
 E = Time spent auto-exploring this place.
 F = Levels seen in this place.
 G = Mean time per level.
                   A        B        C        D        E       F      G
               +--------+--------+--------+--------+--------+-----+--------+
         Total |   2598 |   2205 |    393 |     54 |   1778 |   4 |  649.5 |
       Dungeon |   2598 |   2205 |    393 |     54 |   1778 |   4 |  649.5 |
               +--------+--------+--------+--------+--------+-----+--------+

Top non-repeatable levels by time:
     D:2: 868 daAuts
     D:3: 817 daAuts
     D:1: 762 daAuts
     D:4: 151 daAuts
